 Dungeon Crawl Stone Soup version 0.27-a0-901-g8736458e1e (webtiles) character file.

Game seed: 1927520437770604120

248 DarkShadow the Shield-Bearer (level 5, 0/47 HPs)
             Began as a Minotaur Fighter on Apr 6, 2021.
             Slain by a howler monkey (5 damage)
             ... on level 4 of the Dungeon.
             The game lasted 00:06:16 (2777 turns).

DarkShadow the Shield-Bearer (Minotaur Fighter)     Turns: 2777, Time: 00:06:17

Health: 0/47       AC:  8    Str: 21    XL:     5   Next: 86%
Magic:  4/4        EV:  8    Int:  5    God:
Gold:   188        SH: 10    Dex: 10    Spells: 4/4 levels left

rFire    . . .     SeeInvis .   a - +0 war axe
rCold    . . .     Faith    .   c - +0 kite shield
rNeg     . . .     Spirit   .   b - +0 scale mail
rPois    .         Reflect  .   (helmet restricted)
rElec    .         Harm     .   (no cloak)
rCorr    .         Rampage  .   l - +0 pair of gloves
Will     .....                  (no boots)
Stlth    ..........             (no amulet)
HPRegen  0.15/turn              (no ring)
MPRegen  0.09/turn              (no ring)

@: mighty
A: horns 2, retaliatory headbutt
a: no special abilities


You were on level 4 of the Dungeon.
You visited 1 branch of the dungeon, and saw 4 of its levels.

You collected 188 gold pieces.

Inventory:

Hand Weapons
 a - a +0 war axe (weapon)
Armour
 b - a +0 scale mail (worn)
 c - a +0 kite shield (worn)
 l - a +0 pair of gloves (worn)
Wands
 f - a wand of digging (4)
Scrolls
 g - a scroll of identify
 m - a scroll of blinking
Potions
 e - a potion of brilliance
 h - 3 potions of flight
 i - a potion of mutation {unknown}
 j - a potion of haste
 o - a potion of curing {unknown}
 p - 2 potions of berserk rage
 q - 2 potions of heal wounds {unknown}


   Skills:
 + Level 4.7 Fighting
 + Level 4.4 Axes
 + Level 4.5 Armour
 + Level 1.5 Dodging
 + Level 5.3 Shields


You had 4 spell levels left.
You didn't know any spells.
Your spell library was empty.

Dungeon Overview and Level Annotations

Branches:
Dungeon (4/15)
 Temple: D:4-7

Altars:

Shops:
D:2 !


Innate Abilities, Weirdness & Mutations

You have a pair of horns on your head.
You reflexively headbutt those who attack you in melee.


Message History

You headbutt the howler monkey! You block the hound's attack.
The howler monkey hits you. The hound barely misses you.
You furiously retaliate!
You headbutt the hound. The hound barely misses you.
The howler monkey hoots and howls with incredible vigour!
The hound bites you but does no damage.
You hear a shout! x3
You slash the orc priest!
The orc priest is heavily wounded.
You completely miss the hound. You block the hound's attack.
The orc priest invokes the aid of Beogh against you.
Beogh smites you!
* * * LOW HITPOINT WARNING * * *
The howler monkey hits you.
* * * LOW HITPOINT WARNING * * *
You block the hound's attack.
Okay, then.
You feel very mighty all of a sudden.
The howler monkey hoots and howls with incredible vigour!
The orc priest casts a cantrip, but nothing happens.
You block the hound's attack.
You hear a shout!
You closely miss the orc priest.
The orc priest is heavily wounded.
You barely miss the hound. You closely miss the howler monkey.
You block the hound's attack. The howler monkey hits you.
* * * LOW HITPOINT WARNING * * *
The orc priest barely misses you. The hound bites you but does no damage.
The howler monkey hits you but does no damage.
The orc priest closely misses you.
You closely miss the orc priest. Your headbutt misses the orc priest.
The orc priest is heavily wounded.
Your shield and scale mail prevent you from hitting the hound.
You closely miss the howler monkey. The hound closely misses you.
You furiously retaliate!
You headbutt the hound!
You kill the hound!
You block the howler monkey's attack.
The orc priest hits you but does no damage.
The howler monkey hits you.
You die...

#.##..#...#
###....##
##.....#####
#.......
#.........###
#..##.##
####........#
#.......
#......#.#
....#.##.
###........#
#.........
#........###
..###.###.
#...)...h## ##
#....#.@†.# #
....#.o#.†.....#
# ...
#......##).. ##
#<##..## #. ...#
#+ #..# ....
.....


You could see a howler monkey (catching breath) and an orc priest.

Vanquished Creatures
  A black bear (D:3)
  A water moccasin skeleton (D:3)
  A hound (D:4)
  7 adders
  2 worms (D:2)
  An orc (D:4)
  5 ball pythons
  4 bats (D:1)
  4 endoplasms
  2 giant cockroaches
  7 goblins
  3 hobgoblins
  A quokka (D:2)
  4 frilled lizards
  6 kobolds
  4 rats
53 creatures vanquished.

Notes
Turn   | Place    | Note
-------+----------+-------------------------------------------
     0 | D:1      | DarkShadow the Minotaur Fighter began the quest for the
                  | Orb.
     0 | D:1      | Reached XP level 1. HP: 19/19 MP: 0/0
   360 | D:1      | Reached XP level 2. HP: 21/27 MP: 1/1
   752 | D:2      | Found Cediuqos's Distillery.
   804 | D:2      | Reached skill level 4 in Shields
   817 | D:2      | Reached XP level 3. HP: 26/33 MP: 2/2
  1636 | D:3      | Reached skill level 1 in Dodging
  1640 | D:3      | Reached XP level 4. HP: 35/40 MP: 3/3
  1732 | D:3      | Found a faded altar of an unknown god.
  1809 | D:3      | Noticed a black bear
  1819 | D:3      | Killed a black bear
  1820 | D:3      | Reached skill level 5 in Shields
  1820 | D:3      | Reached XP level 5. HP: 47/47 MP: 4/4
  2777 | D:4      | Slain by a howler monkey

Illustrated notes

Levels and vault maps discovered:
D:1:      amcnicky_arrival_double_pillar, layout_rooms, eino_curves_04,
          minmay_tiny_reverse_x
D:2:      layout_loops_ring, serial_shops, shop, kennysheep_pointless_box,
          kennysheep_donut
D:3:      layout_basic, basic_ecumenical_altar
D:4:      layout_basic, minmay_bisected

Skill      XL: |  1  2  3  4  5 |
---------------+----------------+-----
Fighting       | 4 |  4.7
Shields        | 4 5 |  5.3
Axes           | 3 4 |  4.4
Armour         | 4 |  4.5
Dodging        | 1 |  1.5

Action                   |  1- 3 |  4- 6 || total
-------------------------+-------+-------++-------
Melee: War axe           |    80 |    61 ||   141
       Headbutt          |    10 |    13 ||    23
  Use: Scroll            |       |     9 ||     9
       Potion            |       |     1 ||     1
Armor: Scale mail        |    57 |    30 ||    87
Dodge: Dodged            |    28 |    33 ||    61
Block: Kite shield       |    56 |    58 ||   114

Table legend: (Time is in decaauts)
 A = Elapsed time spent in this place.
 B = Non-inter-level travel time spent in this place.
 C = Inter-level travel time spent in this place.
 D = Time resting spent in this place.
 E = Time spent auto-exploring this place.
 F = Levels seen in this place.
 G = Mean time per level.
                   A        B        C        D        E       F      G
               +--------+--------+--------+--------+--------+-----+--------+
         Total |   2851 |   2851 |      0 |    130 |   1940 |   4 |  712.8 |
       Dungeon |   2851 |   2851 |      0 |    130 |   1940 |   4 |  712.8 |
               +--------+--------+--------+--------+--------+-----+--------+

Top non-repeatable levels by time:
     D:3: 996 daAuts
     D:2: 875 daAuts
     D:1: 668 daAuts
     D:4: 310 daAuts
